 Dungeon Crawl Stone Soup version 0.18.1-48-g4cf74bf (webtiles) character file.

376 Larett the Covert (level 6, -6/30 HPs)
             Began as a Spriggan Assassin on Aug 2, 2016.
             Killed from afar by Duvessa (12 damage)
             ... with a wand of flame
             ... on level 4 of the Dungeon.
             The game lasted 00:09:44 (3747 turns).

Larett the Covert (Spriggan Assassin)               Turns: 3747, Time: 00:09:45

Health: -6/30      AC:  3    Str:  7    XL:     6   Next: 44%
Magic:  7/7        EV: 20    Int: 12    God:
Gold:   193        SH:  0    Dex: 20    Spells: 0 memorised, 5 levels left

rFire  x . .     SeeInvis +     a - +2 dagger (venom)
rCold  + . .     Gourm    .     c - +0 robe
rNeg   . . .     Faith    .     (shield restricted)
rPois  .         Spirit   .     (helmet restricted)
rElec  .         Dismiss  .     d - +0 cloak
rCorr  +         Reflect  .     (gloves unavailable)
SustAt .         Harm     .     (boots unavailable)
MR     +....                    (no amulet)
Stlth  ++++++....               r - ring of ice
                                v - ring of resist corrosion

@: very quick, somewhat resistant to hostile enchantments, very stealthy
A: unfitting armour, see invisible, herbivore 3, speed 3, slow metabolism 2
a: no special abilities


You were on level 4 of the Dungeon.
You were hungry.

You visited 1 branch of the dungeon, and saw 4 of its levels.

You collected 193 gold pieces.

Inventory:

Hand Weapons
 a - a +2 dagger of venom (weapon)
 b - a +0 hunting sling
 m - a +2 dagger
 s - a +0 blowgun
Missiles
 e - 18 poisoned needles
 h - 49 sling bullets
 j - 53 stones (quivered)
 n - 58 bolts
 o - 96 arrows
 t - 8 tomahawks
 y - a curare-tipped needle
Armour
 c - a +0 robe (worn)
 d - a +0 cloak (worn)
 f - a troll hide {Purgy}
Jewellery
 k - an uncursed ring of teleportation
 r - a ring of ice (right hand)
 v - a ring of resist corrosion (left hand)
Wands
 w - a wand of iceblast (9/15)
Scrolls
 p - 2 scrolls of enchant weapon
 q - a scroll of enchant armour {unknown}
 u - a scroll of fear
 x - a scroll of teleportation {unknown}
Potions
 l - a potion of cancellation {unknown}
Comestibles
 g - a bread ration
 i - 3 slices of pizza


   Skills:
 - Level 1.5 Fighting
 - Level 2.1 Short Blades
 - Level 2.0 Throwing
 + Level 3.9 Dodging
 - Level 11.0 Stealth


You had 5 spell levels left.
You didn't know any spells.

Dungeon Overview and Level Annotations

Branches:
Dungeon (4/15)
 Temple: D:4-7

Altars:
Kikubaaqudgha
Yredelemnul
The Shining One

Annotations:
D:4 Dowan, Duvessa


Innate Abilities, Weirdness & Mutations

You are tiny and cannot use many weapons and most armour.
You have supernaturally acute eyesight.
You are a herbivore.
You cover ground extremely quickly.
You need consume almost no food.


Message History

Dowan closely misses you. The worker ant bites you.
Duvessa zaps a wand.
The puff of flame misses you.
It is a wand of flame.
You hit the worker ant.
The worker ant is poisoned.
The worker ant is lightly wounded.
Duvessa zaps a wand.
The puff of flame misses you.
Dowan says, "Magic and the sword, together, will defeat you."
Dowan hits you with a dagger. The worker ant misses you.
You hit Dowan but do no damage.
Dowan looks even sicker.
Dowan is moderately wounded.
Duvessa zaps a wand.
The puff of flame hits you! The fire burns you terribly!
* * * LOW HITPOINT WARNING * * *
The worker ant closely misses you.
Dowan mumbles some strange words.
Dowan blinks!
Duvessa hits you with a rapier.
* * * LOW HITPOINT WARNING * * *
Dowan gestures wildly while chanting.
Dowan blinks!
You kill the worker ant!
Duvessa zaps a wand.
The puff of flame hits you! The fire burns you terribly!
You die...

#..........#.......#
#..........'.......#
#..........#.......#
#...##.....#.......#
#...##.....#.......#
.....+.....#######'##
.....#######........#
... ..............#
..........i...#
.......e......#
.........e....#
...ยง..........#
..............#
..............#
............!.#
..............#


You could see Duvessa and Dowan.

Vanquished Creatures
  Purgy (D:3)
  A necrophage (D:3)
  Ijyb (D:2)
  2 worker ants (D:4)
  A hound skeleton (D:4)
  3 adders
  An ooze (D:2)
  4 worms
  2 dart slugs
  3 giant geckos
  4 bat zombies (D:2)
  A giant cockroach (D:3)
  12 goblins
  3 hobgoblins
  A quokka (D:3)
  9 bats
  5 giant newts
  5 kobolds
  3 rats
  A rat zombie (D:2)
63 creatures vanquished.

Notes
Turn   | Place    | Note
--------------------------------------------------------------
     0 | D:1      | Larett the Spriggan Assassin began the quest for the Orb.
     0 | D:1      | Reached XP level 1. HP: 10/10 MP: 2/2
   136 | D:1      | Reached skill level 6 in Stealth
   557 | D:1      | Reached XP level 2. HP: 14/14 MP: 3/3
   863 | D:2      | Reached skill level 7 in Stealth
  1136 | D:2      | Reached XP level 3. HP: 18/18 MP: 4/4
  1334 | D:2      | Noticed Ijyb
  1407 | D:2      | HP: 3/18 [Ijyb/club (5)]
  1429 | D:2      | Killed Ijyb
  1429 | D:2      | Reached skill level 8 in Stealth
  1830 | D:2      | Reached XP level 4. HP: 22/22 MP: 5/5
  2119 | D:2      | Found an ancient bone altar of Kikubaaqudgha.
  2303 | D:3      | Reached skill level 9 in Stealth
  2321 | D:3      | Noticed a necrophage
  2547 | D:3      | Killed a necrophage
  2547 | D:3      | Reached skill level 10 in Stealth
  2547 | D:3      | Reached XP level 5. HP: 14/25 MP: 6/6
  2917 | D:3      | Noticed Purgy
  2944 | D:3      | HP: 5/25 [Purgy (6)]
  3024 | D:3      | Killed Purgy
  3024 | D:3      | Reached skill level 11 in Stealth
  3024 | D:3      | Reached XP level 6. HP: 8/30 MP: 7/7
  3331 | D:3      | Found a glowing golden altar of the Shining One.
  3336 | D:3      | Found a basalt altar of Yredelemnul.
  3413 | D:3      | Reached skill level 2 in Dodging
  3647 | D:3      | Noticed an angel
  3678 | D:4      | Reached skill level 3 in Dodging
  3732 | D:4      | Noticed Dowan
  3733 | D:4      | Noticed Duvessa
  3744 | D:4      | HP: 6/30 [Duvessa/rapier (3)]
  3747 | D:4      | Killed from afar by Duvessa

Skill      XL: |  1  2  3  4  5  6 |
---------------+-------------------+-----
Stealth        | 6 7 8 10 11 | 11.0
Dodging        | 3 |  3.9
Fighting       | |  1.5
Short Blades   | |  2.1
Throwing       | |  2.0

Action                   |  1- 3 |  4- 6 || total
-------------------------+-------+-------++-------
Melee: Dagger            |    92 |    74 ||   166
 Fire: Blowgun           |    10 |    16 ||    26
       Hunting sling     |       |    87 ||    87
Throw: Stone             |     8 |       ||     8
  Use: Potion            |     2 |       ||     2
       Scroll            |       |     6 ||     6
 Stab: Sleeping          |    11 |     7 ||    18
       Distracted        |     1 |       ||     1
Armor: Robe              |     9 |    17 ||    26
Dodge: Dodged            |    47 |   142 ||   189
